 Dungeon Crawl Stone Soup version 0.23-a0-607-g760965b (webtiles) character file.

77 MalarOregon the Poker (level 4, -1/35 HPs)
             Began as a Merfolk Gladiator on Dec 20, 2018.
             Succumbed to an adder's poison
             ... on level 3 of the Dungeon.
             The game lasted 00:02:28 (1912 turns).

MalarOregon the Poker (Merfolk Gladiator)           Turns: 1912, Time: 00:02:29

Health: -1/35      AC:  5    Str: 12 (14) XL:     4   Next: 33%
Magic:  4/4        EV: 10    Int:  5 (8)  God:
Gold:   77         SH:  6    Dex: 12 (15) Spells: 3/3 levels left

rFire    + . .     SeeInvis +   a - +0 trident
rCold    + . .     Gourm    .   p - +0 shield
rNeg     . . .     Faith    .   b - +0 leather armour
rPois    +         Spirit   .   c - +0 helmet
rElec    +         Reflect  .   (no cloak)
rCorr    +         Harm     .   (no gloves)
MR       +....                  k - +0 pair of boots
Stlth    +.........             (no amulet)
HPRegen  0.11/turn              z - ring of see invisible
MPRegen  0.09/turn              l - ring of protection from magic

@: lethally poisoned (-1 -> -13), resistant, flying
A: change form in water, swift swim, stealthy swim
a: no special abilities


You were on level 3 of the Dungeon.
You were not hungry.

You visited 1 branch of the dungeon, and saw 3 of its levels.

You collected 77 gold pieces.

Inventory:

Hand Weapons
 a - a +0 trident (weapon)
Missiles
 d - 3 throwing nets {!f}
 f - 75 stones (quivered)
 g - 11 poisoned needles
 i - 6 tomahawks of returning
Armour
 b - a +0 leather armour (worn)
 c - a +0 helmet (worn)
 k - a +0 pair of boots (worn)
   (You found it on level 1 of the Dungeon)
 p - a +0 shield (worn)
   (You found it on level 3 of the Dungeon)
Jewellery
 l - a ring of protection from magic (right hand)
   (You found it on level 1 of the Dungeon)
 z - a ring of see invisible (left hand)
   (You found it on level 1 of the Dungeon)
Scrolls
 j - 3 scrolls of enchant armour {unknown}
 m - 6 scrolls of identify {unknown}
 o - 3 scrolls of remove curse {unknown}
Potions
 n - 2 potions of degeneration {!q}
 q - a potion of flight
Comestibles
 e - 7 rations {!d}
 h - 9 chunks of flesh


   Skills:
 + Level 3.0 Fighting
 + Level 5.2 Polearms
 + Level 2.8 Throwing
 + Level 4.8 Dodging
 + Level 0.2 Shields


You had 3 spell levels left.
You didn't know any spells.
Your spell library was empty.

Dungeon Overview and Level Annotations

Branches:
Dungeon (3/15)

Altars:
Dithmenos
Elyvilon
Fedhas


Message History

You are more poisoned.
The adder poisons you!
You closely miss the adder.
You feel sick. The adder barely misses you.
You hit the adder.
You feel sick. The adder bites you.
* * * LOW HITPOINT WARNING * * *
You are more poisoned.
The adder poisons you! The adder misses you.
You miss the adder.
You feel sick. The adder barely misses you.
You hit the adder but do no damage.
You feel sick. The adder bites you.
* * * LOW HITPOINT WARNING * * *
You are more poisoned.
The adder poisons you! The adder bites you but does no damage.
It was a potion of flight.
You feel very buoyant.
You fly up into the air.
* * * LOW HITPOINT WARNING * * *
You feel sick. The adder bites you but does no damage.
It was a potion of resistance.
You feel protected.
* * * LOW HITPOINT WARNING * * *
You feel sick. The adder bites you but does no damage.
It was a potion of degeneration.
There was something very wrong with that liquid.
You feel weakened.
You feel dopey.
You feel clumsy.
* * * LOW HITPOINT WARNING * * *
You feel sick. You block the adder's attack. The adder barely misses you.
* * * LOW HITPOINT WARNING * * *
You feel sick.
* * * LOW HITPOINT WARNING * * *
You feel sick.
* * * LOW HITPOINT WARNING * * *
You feel sick. The adder bites you but does no damage.
* * * LOW HITPOINT WARNING * * *
You feel sick.
Unknown command.
* * * LOW HITPOINT WARNING * * *
You feel sick. The adder bites you.
* * * LOW HITPOINT WARNING * * *
You are more poisoned.
The adder poisons you!
* * * LOW HITPOINT WARNING * * *
You feel sick.
* * * LOW HITPOINT WARNING * * *
You feel sick.
You see here 6 tomahawks of returning.
i - 6 tomahawks of returning
* * * LOW HITPOINT WARNING * * *
You feel sick. You block the adder's attack.
You miss the adder.
You die...

####### #.....# #.....#
#.....##################
#.....'.@S..............
#.....##################
#.....###################
###>.....................
#.#####################
#.# #.# #.# #.#


You could see an adder.

Vanquished Creatures
  A hound (D:2)
  An ooze (D:1)
  A worm (D:3)
  2 dart slugs (D:1)
  A leopard gecko (D:3)
  An orc (D:2)
  3 goblins
  2 hobgoblins
  8 jackals
  5 kobolds
  A ball python (D:1)
  A bat (D:2)
  3 frilled lizards
  2 rats
32 creatures vanquished.

Notes
Turn   | Place    | Note
-------+----------+-------------------------------------------
     0 | D:1      | MalarOregon the Merfolk Gladiator began the quest for the
                  | Orb.
     0 | D:1      | Reached XP level 1. HP: 16/16 MP: 1/1
   213 | D:1      | Reached XP level 2. HP: 23/23 MP: 2/2
  1003 | D:2      | Reached XP level 3. HP: 28/28 MP: 3/3
  1012 | D:2      | Found a white marble altar of Elyvilon.
  1130 | D:2      | Reached skill level 5 in Polearms
  1212 | D:2      | Found a blossoming altar of Fedhas.
  1342 | D:2      | Reached XP level 4. HP: 34/35 MP: 4/4
  1724 | D:3      | Found a shadowy altar of Dithmenos.
  1910 | D:3      | HP: 1/35 [poisoned by an adder]
  1912 | D:3      | Succumbed to an adder's poison

Vault maps used:
D:1:      eino_arrival_cavern_c, serial_forest, infiniplex_forest_lined_2,
          infiniplex_forest_clump_diagonal, infiniplex_forest_clump_cross,
          infiniplex_forest_corner_1, infiniplex_forest_lined_4_way,
          infiniplex_forest_clump_tiny, minmay_tripent
D:2:      elyvilon_altar_3, old_standard_altar, kennysheep_potato
D:3:      nicolae_dithmenos_shadow_blocks

Skill      XL: |  1  2  3 |
---------------+----------+-----
Polearms       | 5 |  5.2
Fighting       | 3 |  3.0
Throwing       | |  2.8
Dodging        | |  4.8
Shields        | |  0.2

Action                   |  1- 3 |  4- 6 || total
-------------------------+-------+-------++-------
Melee: Trident           |    70 |    72 ||   142
Throw: Stone             |     4 |       ||     4
  Use: Potion            |       |     3 ||     3
 Stab: Sleeping          |     1 |       ||     1
  Eat: Chunk             |     1 |     2 ||     3
Armor: Leather armour    |    11 |    29 ||    40
Dodge: Dodged            |    40 |    57 ||    97
Block: Shield            |       |    21 ||    21

Table legend:
 A = Non-vault XP
 B = Vault XP
 C = Vault XP percentage of total XP
 D = Non-vault monster count
 E = Vault monster count
 F = Vault count percentage of total count
                 A         B        C        D         E       F
            +---------+---------+-------+---------+---------+-------
      Total |     104 |       6 |   5.5 |      29 |       3 |   9.4
            +---------+---------+-------+---------+---------+-------
        D:1 |      19 |       5 |  20.8 |       7 |       2 |  22.2
        D:2 |      57 |       1 |   1.7 |       8 |       1 |  11.1
        D:3 |      28 |       0 |   0.0 |      14 |       0 |   0.0
            +---------+---------+-------+---------+---------+-------
